 Dungeon Crawl Stone Soup version bcrawl-1.38b (webtiles) character file.

Game seed: 1643239319527785658

108314 MisterOstroum the Sneak (level 4, 23/23 HPs)
             Began as a Spriggan Air Elementalist on Mar 16, 2023.
             Was a Follower of Fedhas.
             Quit the game on level 3 of the Dungeon.
             The game lasted 00:07:21 (2293 turns).

MisterOstroum the Sneak (Spriggan Air Elementalist) Turns: 2293, Time: 00:07:21

Health: 23/23      AC:  2    Str:  4    XL:     4   Next: 16%
Magic:  9/9        EV: 18    Int: 16    God:    Fedhas [*.....]
Gold:   95         SH:  0    Dex: 17    Spells: 6/9 levels left

rFire    . . .     GDR:     28% a - +0 hunting sling (curse)
rCold    . . .     SeeInvis +   (shield restricted)
rNeg     . . .     Gourm    .   k - +0 robe
rPois    .         Faith    .   (helmet restricted)
rElec    .         Spirit   .   (no cloak)
rCorr    .         Reflect  .   (gloves unavailable)
MR       .....                  (boots unavailable)
Stlth    ++........             (no amulet)
HPRegen  0.13/turn              (no ring)
MPRegen  0.11/turn              (no ring)

@: very quick
A: very small, unfitting armour, see invisible, herbivore, speed 3, slow
metabolism 2
a: Fungal Bloom, Sunlight, Renounce Religion


You were on level 3 of the Dungeon.
You worshipped Fedhas.
Fedhas was aware of your devotion.
You were not hungry.

You visited 1 branch of the dungeon, and saw 3 of its levels.

You collected 95 gold pieces.

Inventory:

Hand Weapons
 a - a cursed +0 hunting sling (weapon)
 b - a +0 dagger
Missiles
 l - 326 stones (quivered)
 q - 137 poisoned tomahawks
 t - 373 sling bullets
Armour
 k - a +0 robe (worn)
Jewellery
 g - an uncursed amulet of faith {unknown}
Scrolls
 h - a scroll of blinking {unknown}
 i - 2 scrolls of identify {@r1}
 n - a scroll of immolation {unknown}
 r - a scroll of teleportation {unknown}
 s - a scroll of enchant armour {unknown}
Potions
 c - a potion of flight
 d - a potion of resistance
 f - a potion of might {unknown}
 j - 4 potions of ambrosia {unknown}
 m - a potion of degeneration {unknown}
 o - 2 potions of heal wounds {unknown}
 p - a potion of mutation {unknown}
Comestibles
 e - a ration {!d}


   Skills:
 - Level 2.0 Fighting
 + Level 2.2 Slings
 - Level 3.0 Dodging
 - Level 3.2 Stealth
 - Level 3.1 Spellcasting
   Level 1.5 Charms
 - Level 3.0 Air Magic


You had 6 spell levels left.
You knew the following spells:

 Your Spells              Type           Power        Failure   Level  Hunger
a - Static Discharge      Air            ##....       5%          1    None
b - Shock                 Conj/Air       #......      16%         2    #......

Your spell library contained the following spells:

 Spells                   Type           Power        Failure   Level  Hunger
 Swiftness                Chrm/Air       #.......     11%         2    #......
 Mephitic Cloud           Conj/Pois/Air  #.......     36%         3    ####...
 Lightning Bolt           Conj/Air       #.......     69%         4    #####..


Dungeon Overview and Level Annotations

Branches:
Dungeon (3/12)

Altars:
Fedhas

Annotations:
D:2 1 exclusion


Innate Abilities, Weirdness & Mutations

You are very small and have problems with some larger weapons.
You are too small for most types of armour.
You have supernaturally acute eyesight. (SInv)
You are a herbivore.
You cover ground extremely quickly.
You need to consume almost no food.


Message History

Really attack while wielding your cursed +0 hunting sling?
Okay, then.
Casting: Static Discharge (safe; 5% risk of failure)
Confirm with . or Enter, or press ? or * to list all spells.
The kobold is struck by an arc of lightning.
You kill the kobold!
You are struck by an arc of lightning.
Casting: Static Discharge (safe; 5% risk of failure)
Confirm with . or Enter, or press ? or * to list all spells.
You can't see any susceptible monsters within range! (Use Z to cast anyway.)
Casting: Static Discharge (safe; 5% risk of failure)
Confirm with . or Enter, or press ? or * to list all spells.
You can't see any susceptible monsters within range! (Use Z to cast anyway.)
You see here a +0 club.
o - 2 lumpy orange potions (gained 1)
t - 373 sling bullets A hobgoblin comes into view.
It is wielding a +0 club.
The hobgoblin shouts!
A hobgoblin is nearby!
A hobgoblin is nearby!
A hobgoblin is nearby!
A hobgoblin is nearby!
A hobgoblin is nearby!
Firing (i - inventory. (/) - cycle)
l - 332 stones (quivered)
Press: ? - help, Shift-Dir - straight line, f - hobgoblin
Aim: a hobgoblin, wielding a +0 club You shoot a stone.
The stone barely misses the hobgoblin.
Firing (i - inventory. (/) - cycle)
l - 331 stones (quivered)
Press: ? - help, Shift-Dir - straight line, f/p - hobgoblin
Aim: a hobgoblin, wielding a +0 club You shoot a stone.
The stone barely misses the hobgoblin.
Firing (i - inventory. (/) - cycle)
l - 330 stones (quivered)
Press: ? - help, Shift-Dir - straight line, f/p - hobgoblin
Aim: a hobgoblin, wielding a +0 club You shoot a stone.
The stone hits the hobgoblin.
The hobgoblin is heavily wounded.
Casting: Static Discharge (safe; 5% risk of failure)
Confirm with . or Enter, or press ? or * to list all spells.
The hobgoblin is struck by an arc of lightning.
The hobgoblin is almost dead.
You are struck by an arc of lightning.
The hobgoblin misses you.
Casting: Static Discharge (safe; 5% risk of failure)
Confirm with . or Enter, or press ? or * to list all spells.
The hobgoblin is struck by an arc of lightning.
You kill the hobgoblin!
You are struck by an arc of lightning.
Casting: Static Discharge (safe; 5% risk of failure)
Confirm with . or Enter, or press ? or * to list all spells.
You can't see any susceptible monsters within range! (Use Z to cast anyway.)
Things that are here:
a +0 club; a hobgoblin corpse
There is a stone staircase leading up here.
Partly explored, can't reach some items and places.
Partly explored, can't reach some items and places.
Partly explored, can't reach some items and places.
Partly explored, can't reach some items and places.
(D) Dungeon
Where to? (Enter - D:2, ? - help)
There is a stone staircase leading down here.
You climb downwards.
There is a stone staircase leading up here.
You see here a glowing dagger.
Found a faded altar of an unknown god.
You see here a hand axe.
You enter the shallow water.
Moving in this stuff is going to be slow.
You enter the shallow water.
Moving in this stuff is going to be slow.
A kobold comes into view.
The kobold throws a stone.
The stone barely misses you.
A kobold is nearby!
There is a faded altar of an unknown god here.
You cannot tell which god this altar belongs to.
Convert to them anyway?
Okay, then.
You cannot tell which god this altar belongs to.
Convert to them anyway?
Fedhas accepts your prayer! Fedhas welcomes you!
The plants of the dungeon cease their hostilities.
You can now turn corpses into toadstools.
You can now call sunshine.
The kobold shouts!
No path to travel!
No path to travel!
Firing (i - inventory. (/) - cycle)
l - 329 stones (quivered)
Press: ? - help, Shift-Dir - straight line, f - kobold
Aim: a kobold You shoot a stone.
The stone barely misses the kobold.
Firing (i - inventory. (/) - cycle)
l - 328 stones (quivered)
Press: ? - help, Shift-Dir - straight line, f/p - kobold
Aim: a kobold You shoot a stone.
The stone hits the kobold.
The kobold is moderately wounded.
The kobold splashes around in the water.
The kobold barely misses you.
Firing (i - inventory. (/) - cycle)
l - 327 stones (quivered)
Press: ? - help, Shift-Dir - straight line, f/p - kobold
Aim: a kobold (moderately wounded)
You shoot a stone. The stone barely misses the kobold.
The kobold splashes around in the water.
Are you sure you want to abandon this character and quit the game? (Confirm with "yes".)

############..
#.≈≈....≈≈...≈..
#≈≈..≈.....≈≈≈..
#..≈≈≈≈≈≈≈≈≈....
#..≈≈≈≈≈≈≈≈≈....
#.≈≈≈≈≈≈≈≈≈≈≈...
#≈.≈≈≈≈.♣≈≈≈..# ####
#..≈≈≈K@♣≈≈≈≈.# ... #
#..≈≈≈≈♣.≈≈≈≈≈##.##..
..≈≈≈≈≈≈≈≈≈≈.........
.≈≈≈≈≈≈≈≈≈≈≈.)...#
..≈≈≈≈≈≈≈≈≈≈...###
..≈≈≈≈≈≈...≈≈≈...#
.≈....≈.≈.≈..≈.#.#
....(#.....#####.#######
....#.#.#...<..).......


You could see a kobold.

Vanquished Creatures
  2 oozes (D:1)
  A worm (D:2)
  2 dart slugs
  5 leopard geckos
  3 giant cockroaches
  5 goblins
  8 hobgoblins
  A jackal (D:1)
  10 bats
  8 frilled lizards (D:1)
  10 kobolds
  4 rats
59 creatures vanquished.

Notes
Turn   | Place    | Note
-------+----------+-------------------------------------------
     0 | D:1      | MisterOstroum the Spriggan Air Elementalist began the quest
                  | for the Orb.
     0 | D:1      | Reached XP level 1. HP: 9/9 MP: 5/5
    97 | D:1      | Reached skill level 1 in Fighting
   101 | D:1      | Reached XP level 2. HP: 6/14 MP: 2/7
   624 | D:1      | Reached XP level 3. HP: 18/18 MP: 8/8
   763 | D:1      | Reached skill level 1 in Slings
  1201 | D:2      | Learned a level 2 spell: Shock
  1335 | D:2      | Noticed a sky beast
  1952 | D:2      | Reached XP level 4. HP: 23/23 MP: 9/9
  2278 | D:3      | Found a faded altar of an unknown god.
  2289 | D:3      | Prayed at the altar of an unknown god.
  2289 | D:3      | Became a worshipper of Fedhas Madash
  2289 | D:3      | Reached * piety under Fedhas
  2293 | D:3      | Quit the game

Skill      XL: |  1  2  3 |
---------------+----------+-----
Fighting       | 1 2 |  2.0
Slings         | 2 |  2.2
Dodging        | |  3.0
Stealth        | |  3.2
Spellcasting   | |  3.1
Charms         | |  1.5
Air Magic      | |  3.0

Action                   |  1- 3 |  4- 6 || total
-------------------------+-------+-------++-------
Melee: Unarmed           |     2 |       ||     2
       Club              |     5 |       ||     5
 Fire: Hunting sling     |   126 |    29 ||   155
 Cast: Static Discharge  |    35 |     7 ||    42
       Shock             |     2 |       ||     2
  Eat: Ration            |     1 |       ||     1
Armor: Robe              |     8 |       ||     8
Dodge: Dodged            |    65 |    13 ||    78
